 Dungeon Crawl Stone Soup version 0.30-b1-2-g02819fbbbe (webtiles) character file.

Game seed: 6357660362131653008

53 Borgoz the Cudgeller (level 3, 0/36 HPs)
             Began as a Gargoyle Berserker on June 17, 2023.
             Was a Believer of Trog.
             Slain by Pargi (7 damage)
             ... in a sewer.
             The game lasted 00:02:23 (1473 turns).

Borgoz the Cudgeller (Gargoyle Berserker)           Turns: 1473, Time: 00:02:24

Health: 0/36       AC:  5    Str: 20    XL:     3   Next: 89%
Magic:  3/3        EV: 12    Int:  7    God:    Trog [**....]
Gold:   124        SH:  0    Dex: 17    Spells: 2/2 levels left

rFire   . . .        a - +0 mace
rCold   . . .        (no shield)
rNeg    + . .        b - +0 animal skin
rPois   ∞            (no helmet)
rElec   +            (no cloak)
rCorr   +            (no gloves)
SInv    .            (no boots)
Will    .....        (no amulet) Stlth
                     d - ring of resist corrosion
HPRegen 0.26/turn    j - +6 ring of dexterity
MPRegen 0.08/turn

%: no passive effects
@: berserking (expiring), hasted, very quick
A: sickness immunity, AC +3, negative energy resistance 1, electricity
resistance, torment resistance 1, petrification resistance
a: Renounce Religion, Berserk, Trog's Hand


You were in a sewer.
You worshipped Trog.
Trog was pleased with you.
You visited 1 branch of the dungeon, and saw 4 of its levels.
You also visited: Sewer.

You collected 124 gold pieces.

Inventory:

Hand Weapons
 a - a +0 mace (weapon)
Armour
 b - a +0 animal skin (worn)
Jewellery
 d - a ring of resist corrosion (left hand)
 j - a +6 ring of dexterity (right hand)
Scrolls
 c - 2 scrolls of brand weapon
 f - a scroll of teleportation
Potions
 e - a potion of cancellation {unknown}
 g - 2 potions of ambrosia {unknown}
 h - 2 potions of degeneration {unknown}
 i - a potion of attraction {unknown}


   Skills:
 + Level 3.6 Fighting
 * Level 3.7 Maces & Flails
 + Level 2.8 Armour
 + Level 2.1 Dodging


You had 2 spell levels left.
You didn't know any spells.
Your spell library was empty.

Dungeon Overview and Level Annotations

Branches:
Dungeon (4/15)              Sewer (1/1)
 Temple: D:4-7

Altars:
Gozag
Sif Muna
Trog
Uskayaw
Xom

Annotations:
Sewer Pargi


Innate Abilities, Weirdness & Mutations

You are immune to sickness and miasma.
Your stone body is resilient. (AC +3)
You are immune to poison.
You resist negative energy. (rN+)
You are resistant to electric shocks. (rElec)
You are resistant to unholy torment.
You are immune to petrification.


Message History

You hit Pargi.
Pargi is lightly wounded.
Pargi bites you. Pargi claws you. Pargi closely misses you.
You hit Pargi.
Pargi is lightly wounded.
Pargi bites you. Pargi claws you. Pargi closely misses you.
You hit Pargi.
Pargi is lightly wounded.
Pargi bites you. Pargi claws you but does no damage.
Pargi completely misses you.
You barely miss Pargi.
Pargi is lightly wounded.
You sock Pargi!
Pargi is heavily wounded.
Pargi bites you. Pargi barely misses you. Pargi claws you but does no damage.
You completely miss Pargi.
Pargi is moderately wounded.
Pargi hisses menacingly.
Pargi bites you but does no damage. Pargi claws you.
Pargi claws you but does no damage.
You sock Pargi!
Pargi is severely wounded.
Pargi bites you. Pargi claws you but does no damage. Pargi barely misses you.
You hit Pargi.
Pargi is almost dead.
Pargi bites you but does no damage. Pargi barely misses you. Pargi claws you.
You barely miss Pargi.
Pargi is almost dead.
Pargi barely misses you. Pargi claws you. Pargi barely misses you.
You barely miss Pargi.
Pargi is almost dead.
You hit Pargi.
Pargi is almost dead.
Pargi bites you.
* * * LOW HITPOINT WARNING * * *
Pargi claws you but does no damage. x2
You completely miss Pargi.
Pargi is almost dead.
Pargi bites you!
You die...

#..$)$..#
#.......#
#.......# .......
..... ... #T#
####### #@#
##.....## #.#
##...≈...#
#.#######...≈≈≈...
#..........≈≈≈≈≈.∩
#.#######...≈≈≈...
#.# ##...≈...# #.#
##.....## #.#
####### #.#


You could see Pargi.

Vanquished Creatures
  An ufetubus (D:4)
  2 worms (D:3)
  10 bats
  4 endoplasms
  A giant cockroach (D:3)
  A goblin (D:4)
  A hobgoblin (D:4)
  4 quokkas
  4 ball pythons
  A frilled lizard (D:1)
  5 kobolds
  6 rats
40 creatures vanquished.

Notes
Turn   | Place    | Note
-------+----------+-------------------------------------------
     0 | D:1      | Borgoz the Gargoyle Berserker began the quest for the Orb.
     0 | D:1      | Reached XP level 1. HP: 14/14 MP: 1/1
   328 | D:1      | Reached XP level 2. HP: 12/19 MP: 2/2
   396 | D:1      | Found a faded altar of an unknown god.
   978 | D:2      | You fall into a shaft and drop 2 floors!
   978 | D:4      | Found a shadowy altar of Dithmenos.
   978 | D:4      | Found a hide-covered altar of Uskayaw.
   978 | D:4      | Found a shimmering altar of Xom.
   978 | D:4      | Found an opulent altar of Gozag.
   978 | D:4      | Found a shimmering blue altar of Sif Muna.
   978 | D:4      | Found a bloodstained altar of Trog.
  1044 | D:4      | Reached XP level 3. HP: 17/23 MP: 3/3
  1118 | D:4      | Reached ** piety under Trog
  1383 | D:3      | Found a glowing drain.
  1417 | Sewer    | Entered a sewer
  1455 | Sewer    | Noticed Pargi
  1473 | Sewer    | Slain by Pargi

Illustrated notes

Levels and vault maps discovered:
D:1:      kilobyte_arrival_exit_the_forest, layout_loops_corners,
          basic_ecumenical_altar
D:2:      layout_loops_ring, minmay_3d_cube, uniq_robin
D:3:      minmay_razor_zed, layout_basic, portal_sewer_entry_c, uniq_grinder,
          uniq_jessica, uniq_ijyb
D:4:      layout_basic, doesnt_xom_only_xom
Sewer:    sewer_big_baddie

Skill      XL: |  1  2  3 |
---------------+----------+-----
Dodging        | 2 |  2.1
Fighting       | |  3.6
Maces & Flails | |  3.7
Armour         | |  2.8

Action                     || total
---------------------------++-------
  Melee: Mace              ||   114
         Punch             ||     1
 Invoke: Berserk           ||     1
    Use: Scroll            ||     3
         Potion            ||     1
   Stab: Sleeping          ||     1
 Armour: Animal skin       ||    67
  Dodge: Dodged            ||   117
